Map: 死亡光环-天梯版

Players

iGXY (XY)

  • Race: Terran Terran

wanted - Winner!

  • Race: Zerg Zerg

Event: DreamHack SC2 Masters 2020 Winter

VOD

Have the link to the VOD?

Description

Time

  • Played on: Oct. 28, 2020, 8:55 a.m.
  • Length: 16:04

All games in this series

Show
View Real Time Build Order
Export as new Build Order

iGXY Terran 

Build Orders: Reaper Expand 

Get SALT Encoding   

  12  0:00  SCV  
  13  0:12  SCV  
  14  0:17  Supply Depot  
  14  0:25  SCV  
  15  0:39  SCV, Barracks  
  16  0:43  Refinery  
  16  0:51  SCV  
  17  1:03  SCV  
  18  1:15  SCV  
  19  1:26  Reaper  
  19  1:27  Orbital Command  
  20  1:38  Command Center  
  20  1:46  Supply Depot  
  20  1:52  SCV  
  21  1:58  Marine  
  22  2:04  SCV  
  23  2:10  Factory  
  23  2:16  SCV, Marine  
  23  2:18  Refinery  
  25  2:29  SCV  
  26  2:41  SCV  
  26  2:42  Barracks Reactor  
  27  2:48  Command Center  
  27  2:53  SCV  
  28  3:00  Orbital Command  
  28  3:03  Starport  
  28  3:05  SCV  
  29  3:18  SCV  
  30  3:23  Hellion  
  30  3:25  Hellion  
  34  3:28  SCV  
  34  3:30  SCV  
  36  3:40  SCV, Fusion Core, Starport Tech Lab  
  37  3:42  SCV  
  37  3:46  Hellion  
  37  3:47  Hellion  
  42  3:52  SCV  
  42  3:54  SCV  
  44  4:01  Orbital Command  
  44  4:04  SCV  
  44  4:06  SCV  
  44  4:08  Hellion x2  
  50  4:16  SCV  
  51  4:17  Supply Depot  
  51  4:18  SCV  
  51  4:19  Supply Depot  
  52  4:27  Battlecruiser  
  52  4:28  SCV  
  52  4:30  SCV  
  60  4:35  Barracks Tech Lab  
  60  4:39  Hellion x2  
  60  4:41  Orbital Command  
  60  4:46  SCV x2  
  60  4:52  Supply Depot  
  62  4:53  Stimpack  
  62  4:54  Marine  
  62  4:58  SCV x2  
  65  5:06  Factory Tech Lab  
  65  5:07  Refinery  
  65  5:09  Refinery  
  65  5:10  SCV x2  
  65  5:13  SCV  
  65  5:14  Armory, Supply Depot  
  68  5:16  Marine  
  69  5:22  SCV  
  69  5:27  SCV x2, Barracks  
  72  5:28  Barracks  
  72  5:31  Hellion  
  72  5:33  Marine  
  72  5:35  SCV  
  75  5:36  Factory  
  75  5:39  SCV x2  
  75  5:40  Supply Depot  
  77  5:47  SCV  
  78  5:51  Marine  
  78  5:52  SCV, Starport Reactor  
  80  5:59  SCV x2, Widow Mine  
  80  6:04  SCV, Supply Depot  
  85  6:05  Engineering Bay  
  85  6:06  Engineering Bay  
  85  6:08  Drilling Claws  
  85  6:09  Marine  
  86  6:11  SCV  
  86  6:12  SCV  
  86  6:16  SCV, Barracks Reactor x2  
  86  6:17  Supply Depot  
  89  6:20  Widow Mine x2, Siege Tank  
  89  6:23  SCV  
  89  6:24  SCV  
  98  6:28  SCV  
  101  6:33  Combat Shield, Terran Infantry Weapons Level 1  
  101  6:36  SCV x2  
  101  6:38  Terran Infantry Armor Level 1  
  101  6:39  Supply Depot  
  101  6:40  SCV, Supply Depot, Refinery  
  101  6:41  Refinery  
  101  6:42  Supply Depot, Widow Mine  
  104  6:48  SCV x2  
  104  6:51  Medivac  
  104  6:52  SCV  
  109  6:55  Supply Depot  
  109  7:00  SCV  
  109  7:01  SCV, Supply Depot x2  
  110  7:02  Medivac  
  110  7:03  Widow Mine x2  
  110  7:05  SCV  
  118  7:13  SCV  
  118  7:15  Supply Depot  
  119  7:20  Widow Mine  
  119  7:21  SCV  
  122  7:24  Medivac  
  122  7:25  Command Center, Widow Mine, Siege Tank  
  122  7:28  Missile Turret  
  129  7:33  Missile Turret  
  129  7:36  Medivac  
  131  7:48  Marine x2, Widow Mine x2  
  136  7:52  Marine x3  
  136  7:53  Missile Turret  
  133  7:59  Widow Mine  
  129  8:05  Medivac  
  129  8:06  Medivac, Marine x2  
  129  8:08  SCV  
  129  8:09  SCV x2, Widow Mine  
  129  8:10  Marine x3  
  129  8:11  Widow Mine  
  143  8:20  Widow Mine  
  143  8:23  Marine  
  143  8:24  SCV x2, Marine  
  144  8:28  Marine x3  
  144  8:31  Widow Mine  
  144  8:33  Widow Mine  
  149  8:37  Medivac x2  
  149  8:39  SCV x2  
  150  8:41  Marine x2  
  150  8:45  Widow Mine, Marine x2  
  150  8:46  SCV  
  156  8:51  SCV x2  
  158  8:57  Widow Mine  
  158  8:58  SCV, Widow Mine  
  158  8:59  Marine x2  
  161  9:04  SCV  
  161  9:05  Barracks x2  
  161  9:07  Medivac, Widow Mine  
  161  9:10  Medivac  
  163  9:22  Widow Mine x2  
  167  9:27  Thor  
  173  9:33  Marauder, Marine x4  
  173  9:34  SCV  
  173  9:36  Supply Depot x2  
  173  9:37  Medivac  
  182  9:50  Marine  
  182  9:51  Marine x3  
  186  9:53  SCV  
  186  9:54  Marine  
  176  10:08  Marine x3  
  176  10:09  Marine x3  
  176  10:12  Marauder, Thor  
  176  10:13  Widow Mine x2  
  151  10:26  Marine x4  
  151  10:27  Terran Infantry Armor Level 2, Marine x2, Terran Infantry Weapons Level 2  
  155  10:34  Marauder  
  155  10:35  Terran Vehicle And Ship Armor Level 1  
  157  10:39  Planetary Fortress  
  157  10:41  Missile Turret  
  157  10:44  Marine x5  
  157  10:45  Marine  
  163  10:51  Missile Turret, Widow Mine  
  163  10:52  Widow Mine  
  163  10:54  Missile Turret, Marine  
  163  10:55  Thor  
  163  10:56  Missile Turret  
  172  11:02  Marine x6  
  178  11:10  Command Center  
  178  11:12  Marine  
  179  11:19  Marine  
  179  11:20  Command Center, Marine x5  
  179  11:23  Widow Mine  
  187  11:26  Widow Mine  
  187  11:31  Supply Depot  
  187  11:33  Supply Depot  
  187  11:37  Marine  
  188  11:45  Marauder  
  185  11:49  Sensor Tower  
  185  11:50  SCV x2  
  185  11:53  Widow Mine, Thor  
  185  11:54  Missile Turret, Widow Mine  
  195  11:55  Missile Turret  
  195  12:05  Barracks Tech Lab x2  
  195  12:07  Marauder  
  197  12:13  Barracks  
  197  12:14  Barracks  
  163  12:19  SCV x3, Widow Mine x2  
  169  12:23  Marine  
  170  12:31  SCV x3  
  170  12:32  Missile Turret  
  170  12:33  Orbital Command  
  170  12:36  Sensor Tower, Thor  
  179  12:37  Marine x3  
  179  12:38  Marauder, Marine x2  
  179  12:43  SCV x2  
  189  12:46  Terran Infantry Weapons Level 3, Orbital Command, Terran Infantry Armor Level 3  
  189  12:53  Marine  
  189  12:55  Marine x3  
  189  12:56  Marauder  
  189  12:57  Marauder  
  189  12:58  Marine  
  185  13:10  Marine  
  185  13:12  SCV x2  
  188  13:15  Terran Vehicle And Ship Armor Level 2  
  188  13:17  Planetary Fortress  
  188  13:24  Marine x2  
  188  13:25  Marauder, Marine x3  
  186  13:28  Marine  
  171  13:42  Marine x3  
  171  13:43  Marauder, Marine  
  171  13:46  Marine x2  
  158  13:50  Barracks Tech Lab  
  158  13:51  Barracks Tech Lab  
  158  13:53  SCV x3  
  158  13:54  Thor  
  158  13:55  Widow Mine x2  
  160  14:00  Marine x3  
  160  14:01  Marauder  
  165  14:04  SCV, Marauder, Marine x2  
  165  14:05  SCV x3  
  173  14:10  Marine  
  173  14:11  Marauder  
  173  14:13  Barracks  
  173  14:16  SCV  
  178  14:17  Widow Mine x2  
  178  14:18  Marine x3  
  178  14:22  Marine x3, Liberator  
  187  14:25  Marine  
  187  14:28  Marine  
  189  14:32  Marine  
  189  14:36  Marine x3  
  189  14:39  Marine  
  189  14:40  Marauder, Marine  
  189  14:43  Marine  
  181  14:46  Marine  
  181  14:50  Marine  
  181  14:51  Concussive Shells  
  180  14:53  SCV, Marine x2  
  180  14:54  SCV x3, Marine  
  180  14:57  Marine  
  180  14:58  Marauder  
  189  15:01  Marauder x2  
  189  15:04  Marine  
  189  15:05  SCV  
  189  15:06  SCV  
  196  15:07  Marine  
  196  15:08  Command Center  
  196  15:11  Marine x3  
  196  15:12  Barracks Tech Lab  
  195  15:15  Marine  
  195  15:19  Marauder  
  175  15:22  Marauder x2  
  175  15:23  Marauder  
  175  15:26  Marauder  
  122  15:29  Marine  
  122  15:32  Marauder, Marine  
  122  15:35  Marine  
  116  15:41  Marauder, Marine  
  111  15:44  Marine  
Show
View Real Time Build Order
Export as new Build Order

wanted Zerg - Winner!

Build Orders: Hatch First, Muta Ling Bane 

Get SALT Encoding   

  12  0:00  Drone  
  13  0:08  Drone  
  14  0:16  Overlord  
  14  0:26  Drone, Extractor  
  16  0:35  Drone  
  16  0:47  Hatchery  
  15  0:52  Drone  
  15  0:56  Drone  
  17  0:59  Drone  
  18  1:11  Extractor  
  17  1:13  Spawning Pool  
  17  1:16  Drone  
  17  1:20  Drone  
  18  1:26  Drone  
  19  1:39  Drone  
  20  1:48  Drone  
  21  2:00  Queen x2  
  26  2:01  Zergling x4  
  27  2:14  Hatchery  
  26  2:18  Overlord  
  26  2:23  Drone  
  26  2:25  Drone  
  28  2:31  Extractor  
  28  2:35  Metabolic Boost  
  29  2:37  Drone x2  
  29  2:43  Queen  
  32  2:52  Overlord  
  32  2:53  Overlord  
  32  2:58  Drone x2  
  34  3:04  Overlord  
  34  3:12  Queen  
  36  3:13  Drone x2  
  36  3:17  Drone x2  
  40  3:22  Drone x2  
  40  3:23  Drone  
  40  3:26  Drone  
  44  3:31  Queen  
  46  3:39  Zergling x4, Drone x2  
  50  3:47  Queen  
  50  3:48  Overlord  
  52  3:51  Overlord  
  52  3:55  Zergling x4  
  54  3:56  Drone  
  54  3:58  Drone  
  54  4:00  Drone  
  54  4:01  Drone  
  58  4:07  Drone x3  
  61  4:10  Drone x2  
  61  4:15  Overlord  
  63  4:17  Baneling Nest  
  63  4:19  Lair  
  63  4:22  Extractor  
  61  4:26  Overlord  
  61  4:27  Drone x3  
  64  4:32  Drone x3  
  64  4:38  Overlord  
  66  4:42  Drone  
  67  4:49  Spore Crawler x2, Drone x2  
  67  4:50  Spore Crawler  
  67  4:51  Zergling x6  
  69  4:53  Zergling x4  
  69  4:55  Overlord  
  71  5:00  Drone x4  
  71  5:01  Drone  
  71  5:06  Extractor  
  75  5:09  Overlord  
  75  5:10  Drone x4  
  79  5:16  Overlord  
  79  5:25  Drone, Spire  
  79  5:27  Overlord  
  83  5:28  Drone x4  
  83  5:30  Extractor  
  83  5:32  Extractor  
  83  5:33  Centrifical Hooks  
  83  5:34  Extractor  
  80  5:37  Overlord  
  80  5:39  Overseer  
  79  5:43  Queen  
  79  5:48  Drone x4  
  84  5:54  Drone  
  84  5:55  Drone x2  
  84  5:56  Overlord  
  82  5:58  Zergling x2  
  82  5:59  Zergling x2  
  82  6:12  Drone x5  
  82  6:14  Hatchery  
  86  6:18  Overlord  
  86  6:21  Drone x2  
  86  6:22  Drone  
  89  6:28  Drone  
  89  6:29  Hatchery, Drone  
  90  6:35  Overseer  
  90  6:38  Drone x2  
  92  6:40  Evolution Chamber  
  92  6:42  Evolution Chamber  
  92  6:45  Mutalisk x5  
  100  6:50  Mutalisk x2  
  104  6:54  Zerg Flyer Weapons Level 1  
  104  6:59  Mutalisk  
  106  7:04  Zergling x16  
  114  7:11  Overlord  
  114  7:15  Spine Crawler  
  113  7:17  Drone  
  113  7:18  Spine Crawler, Drone  
  113  7:19  Zerg Ground Armor Level 1  
  113  7:20  Zerg Melee Weapons Level 1  
  114  7:25  Baneling x9  
  114  7:26  Drone  
  114  7:27  Drone  
  116  7:35  Drone x2  
  118  7:43  Drone  
  119  7:45  Drone x4  
  119  7:50  Drone x7  
  130  7:58  Overlord  
  130  7:59  Mutalisk x4  
  136  8:12  Overlord x3  
  136  8:15  Mutalisk x4  
  144  8:20  Mutalisk  
  144  8:23  Hatchery, Overseer x2  
  144  8:26  Drone x3  
  144  8:27  Drone x5  
  144  8:36  Mutalisk x2  
  144  8:37  Overlord x2  
  144  8:38  Zergling x10  
  148  8:43  Overseer  
  148  8:46  Overlord x2  
  147  8:49  Drone x3  
  147  8:51  Zergling x12  
  156  8:56  Baneling  
  156  8:57  Baneling x10  
  156  9:00  Drone x2  
  156  9:01  Drone x2  
  153  9:05  Zerg Flyer Weapons Level 2  
  153  9:06  Zergling x4  
  155  9:17  Zergling x22  
  165  9:24  Spore Crawler  
  165  9:25  Overlord  
  165  9:28  Zergling x16  
  165  9:29  Baneling x2  
  165  9:30  Baneling  
  172  9:37  Zergling x2  
  172  9:38  Zergling x16  
  181  9:42  Baneling  
  181  9:43  Zerg Melee Weapons Level 2, Baneling x4  
  181  9:50  Zerg Ground Armor Level 2  
  181  9:54  Drone x3  
  181  9:59  Zergling x18  
  188  10:05  Drone x6  
  188  10:06  Drone  
  179  10:07  Overlord  
  179  10:12  Drone x2  
  175  10:16  Zergling x6  
  175  10:20  Drone x6  
  174  10:22  Overseer, Extractor  
  173  10:29  Infestation Pit  
  173  10:31  Drone x4, Extractor  
  173  10:32  Extractor  
  173  10:34  Baneling x7  
  174  10:36  Zergling x4  
  174  10:42  Overseer  
  176  10:47  Mutalisk x2  
  176  10:49  Zergling x16  
  188  10:55  Evolution Chamber  
  188  10:56  Spore Crawler  
  181  11:05  Hive  
  181  11:07  Zergling x28  
  181  11:08  Baneling x4  
  181  11:09  Baneling x2  
  181  11:10  Baneling  
  195  11:23  Baneling x6  
  195  11:25  Pneumatized Carapace  
  193  11:36  Zergling x12, Baneling x25  
  197  11:52  Baneling  
  197  11:53  Baneling x4  
  197  11:54  Infestor  
  195  11:55  Zergling x4  
  199  12:12  Zergling x20  
  187  12:19  Zerg Ground Armor Level 3  
  187  12:20  Zerg Melee Weapons Level 3  
  158  12:23  Zergling x40  
  158  12:24  Zergling x16  
  158  12:29  Zergling x6  
  188  12:36  Adrenal Glands, Drone  
  189  12:39  Extractor, Baneling x5  
  189  12:41  Zergling x16  
  176  13:03  Ultralisk Cavern  
  176  13:05  Zergling x36  
  178  13:09  Baneling x15  
  177  13:15  Zergling x22  
  187  13:24  Baneling x14  
  168  13:33  Overseer  
  152  13:36  Zergling x36  
  157  13:42  Overseer  
  157  13:47  Zergling x26  
  151  13:50  Viper x2  
  154  13:57  Zergling x8  
  154  14:01  Chitinous Plating  
  149  14:07  Baneling x10  
  148  14:15  Zergling x26  
  148  14:16  Zergling x8  
  164  14:17  Baneling  
  164  14:18  Baneling x6  
  164  14:25  Zergling x2, Ultralisk  
  164  14:29  Baneling x5  
  171  14:32  Zergling x12  
  176  14:41  Zergling x6, Ultralisk  
  176  14:43  Baneling x4  
  179  14:50  Zergling x14  
  182  15:02  Zergling x18  
  189  15:08  Ultralisk  
  189  15:10  Baneling x5  
  189  15:11  Baneling x2  
  195  15:20  Anabolic Synthesis  
  177  15:21  Zergling x16  
  177  15:27  Viper  
  168  15:28  Corruptor x2  
  168  15:29  Corruptor  
  158  15:43  Zergling x14  
  159  15:55  Hatchery  
Tags
 
Add a new tag
Caveats
  • Supply blocks, unpowered buildings, or Contaminate may cause inaccurate times.
  • Supply counts are checked every 10 seconds.